 Dungeon Crawl Stone Soup version 0.32-a0-361-g289a535e89 (webtiles) character file.

Game seed: 7499915171113618988

501 Sobieck the Cutter (level 7, -8/53 HPs)
             Began as a Coglin Brigand on Feb 18, 2024.
             Was an Initiate of Qazlal.
             Mangled by a gnoll
             ... wielding a +0 halberd
             ... led by a gnoll sergeant
              (10 damage)
             ... on level 5 of the Dungeon.
             The game lasted 00:04:26 (3597 turns).

Sobieck the Cutter (Coglin Brigand)                 Turns: 3597, Time: 00:04:26

Health: -8/53      AC:  3    Str: 12    XL:     7   Next: 17%
Magic:  7/7        EV: 14    Int: 12    God:    Qazlal [......]
Gold:   240        SH:  0    Dex: 22    Spells: 6/6 levels left

rFire   . . .        a - +2 dagger {Arun}
rCold   + . .        u - +8 hand axe of Parts Unknown {elec, Int-4 Dex+5 SInv}
rNeg    . . .        b - +0 robe
rPois   .            (no helmet)
rElec   .            s - +0 cloak
rCorr   .            (no gloves)
SInv    +            (no boots)
Will    .....        (no amulet)
Stlth   +++          q - +6 ring of intelligence
HPRegen 0.28/turn    c - ring of protection from cold
MPRegen 0.10/turn

%: no passive effects
@: revving, stiff-legged, very slow
A: off-hand wielding, slow wielding, warmup strikes, warmup strides
a: Renounce Religion


You were on level 5 of the Dungeon.
You worshipped Qazlal.
Qazlal was noncommittal.
You visited 1 branch of the dungeon, and saw 5 of its levels.

You collected 240 gold pieces.

Inventory:

Hand Weapons
 a - a +2 dagger (weapon) {Arun}
 f - a +0 dagger {Gisele}
 u - the +8 hand axe of Parts Unknown (worn) {elec, Int-4 Dex+5 SInv}
   (You found it on level 3 of the Dungeon)

   Int-4:     It affects your intelligence (-4).
   Dex+5:     It affects your dexterity (+5).
   SInv:      It lets you see invisible.
Missiles
 j - 58 stones (quivered)
 k - 11 poisoned darts
 t - 5 boomerangs
 F - 3 curare-tipped darts
 J - 4 atropa-tipped darts
Armour
 b - a +0 robe (worn)
 s - a +0 cloak (worn)
Jewellery
 c - a ring of protection from cold (right grasper)
 q - a +6 ring of intelligence (left grasper)
 w - an amulet of reflection
Wands
 v - a wand of mindburst (14)
Scrolls
 d - a scroll of blinking {unknown}
 e - a scroll of amnesia {unknown}
 g - 4 scrolls of enchant weapon {unknown}
 i - a scroll of torment {unknown}
 l - a scroll of poison {unknown}
 m - 2 scrolls of teleportation {unknown}
 n - 2 scrolls of vulnerability {unknown}
 p - 3 scrolls of identify {unknown}
 y - a scroll of brand weapon {unknown}
 A - a scroll of enchant armour {unknown}
 B - a scroll of fear {unknown}
Potions
 h - a potion of might {unknown}
 o - a potion of magic {unknown}
 r - a potion of lignification {unknown}
 x - a potion of heal wounds {unknown}
 z - a potion of berserk rage {unknown}
 C - a potion of ambrosia {unknown}


   Skills:
 + Level 3.9 Fighting
 * Level 4.7 Short Blades
 - Level 1.7 Throwing
 + Level 3.1 Dodging
 - Level 4.0 Stealth


You had 6 spell levels left.
You didn't know any spells.
Your spell library contained the following spells:

 Spells                   Type           Power      Damage    Failure   Level
 Cigotuvi's Dreadful Rot  Necr/Alch/Air  0%         N/A       45%         2
 Lesser Beckoning         Tloc           0%         N/A       45%         2
 Gell's Gravitas          Tloc           0%         N/A       69%         3
 Ozocubu's Armour         Ice            0%         N/A       69%         3
 Teleport Other           Tloc           0%         N/A       69%         3
 Tukima's Dance           Hex            0%         N/A       69%         3
 Ignite Poison            Fire/Alch      0%         N/A       97%         4
 Passage of Golubria      Tloc           0%         N/A       97%         4
 Freezing Cloud           Conj/Ice/Air   0%         6-21      100%        5
 Metabolic Englaciation   Hex/Ice        0%         N/A       100%        5
 Yara's Violent Unravell  Hex/Alch       0%         3d3       100%        5
 Sculpt Simulacrum        Ice/Alch       0%         N/A       100%        6


Dungeon Overview and Level Annotations

Branches:
Dungeon (5/15)             Temple (0/1) D:4

Altars:
Qazlal
Wu Jian

Annotations:
D:2 Sigmund
D:5 1 runed translucent door


Innate Abilities, Weirdness & Mutations

You can wield a second weapon in your off-hand.
It takes a long time for you to wield or remove held weapons.
Your first few attacks do less damage.
Your first movements take longer.


Message History

You add the spells Cigotuvi's Dreadful Rot, Ignite Poison and Freezing Cloud to your library.
C - a glowing brown potion No target in view!
No target in view!
A gnoll sergeant and 2 gnolls come into view.
The gnoll sergeant is wielding a +1 trident of protection.
There are monsters nearby!
There are monsters nearby!
An iguana and 2 gnolls come into view.
The gnoll sergeant shouts!
The gnoll shouts! x4
The gnoll closely misses you.
The gnoll sergeant hits you from afar with a +1 trident of protection.
The gnoll moves out of view.
You slash the gnoll with the +8 hand axe of Parts Unknown!
You kill the gnoll!
Qazlal accepts your kill.
You hit the gnoll with the +8 hand axe of Parts Unknown.
The gnoll hits you with a +0 flail!
The gnoll sergeant hits you from afar with a +1 trident of protection!
* * * LOW HITPOINT WARNING * * *
You are too injured to fight recklessly!
You are too injured to fight recklessly!
You are too injured to fight recklessly!
Unknown command.
You hit the gnoll with the +8 hand axe of Parts Unknown.
The gnoll is heavily wounded.
You closely miss the gnoll with your +2 dagger.
The gnoll closely misses you.
The gnoll sergeant hits you from afar with a +1 trident of protection!
* * * LOW HITPOINT WARNING * * *
Unknown command.
You slash the gnoll with the +8 hand axe of Parts Unknown!
You kill the gnoll!
Qazlal accepts your kill.
The gnoll sergeant hits you from afar with a +1 trident of protection.
* * * LOW HITPOINT WARNING * * *
Unknown command.
The gnoll barely misses you.
The gnoll sergeant hits you with a +1 trident of protection.
* * * LOW HITPOINT WARNING * * *
The gnoll closely misses you.
The gnoll hits you from afar with a +0 halberd!
* * * LOW HITPOINT WARNING * * *
The gnoll sergeant barely misses you. The gnoll closely misses you.
You see here a +0 flail.
Unknown command.
You hit the gnoll sergeant but do no damage.
You slash the gnoll sergeant with the +8 hand axe of Parts Unknown!
The gnoll hits you from afar with a +0 halberd!
You die... ..... ... ... .# ... .# #l##.## #gg

.. #g# .#
.##.##@##.#
#......).$.#
###..####.####..#
########
#..#.........?#
### #......#
#.....#.#######
#.. #.####.#
#.......# #.#
##...)..#
####...##
######.#
.....##.# #...#
#......#
##.#....# #...#
#.#...##


You could see a gnoll sergeant, an iguana and 2 gnolls.

Vanquished Creatures
  Edmund (D:4)
  A phantom (D:5)
  2 jellies
  2 bombardier beetles
  2 gnolls (D:5)
  7 adders
  A white imp (D:5)
  A ribbon worm (D:2)
  An orc (D:3)
  8 bats
  7 endoplasms
  A giant cockroach (D:1)
  7 goblins
  6 hobgoblins
  5 kobolds
  3 quokkas
  4 ball pythons
  2 frilled lizards
  2 rats
63 creatures vanquished.

Notes
Turn   | Place    | Note
-------+----------+-------------------------------------------
     0 | D:1      | Sobieck the Coglin Brigand began the quest for the Orb.
     0 | D:1      | Reached XP level 1. HP: 16/16 MP: 1/1
   118 | D:1      | Reached skill level 1 in Dodging
   142 | D:1      | Reached XP level 2. HP: 22/22 MP: 2/2
   300 | D:1      | Found a faded altar of an unknown god.
   821 | D:2      | Reached XP level 3. HP: 25/27 MP: 3/3
  1316 | D:2      | Reached XP level 4. HP: 34/34 MP: 4/4
  1434 | D:2      | Noticed Sigmund
  2021 | D:3      | Reached skill level 3 in Short Blades
  2055 | D:3      | Reached XP level 5. HP: 38/38 MP: 5/5
  2224 | D:3      | Identified the +8 hand axe of Parts Unknown {elec, Int-4
                  | Dex+5 SInv}
  2414 | D:4      | Noticed an air elemental
  2415 | D:4      | Found a stormy altar of Qazlal.
  2418 | D:4      | Noticed a fire elemental
  2418 | D:4      | Noticed a water elemental
  2424 | D:4      | Became a worshipper of Qazlal Stormbringer
  2505 | D:4      | Reached skill level 3 in Fighting
  2516 | D:4      | Noticed Edmund
  2530 | D:4      | HP: 2/41 [Edmund/+2 dire flail of protection (8)]
  2535 | D:4      | Killed Edmund
  2536 | D:4      | Reached XP level 6. HP: 4/47 MP: 6/6
  2844 | D:4      | Found an ornate altar of the Wu Jian Council.
  2996 | D:4      | Found a staircase to the Ecumenical Temple.
  3186 | D:5      | Entered Level 5 of the Dungeon
  3313 | D:5      | Reached skill level 3 in Dodging
  3313 | D:5      | Reached XP level 7. HP: 44/53 MP: 7/7
  3369 | D:5      | Found a runed translucent door.
  3596 | D:5      | HP: 1/53 [gnoll/+0 halberd[a gnoll sergeant] (8)]
  3597 | D:5      | Mangled by a gnoll

Illustrated notes

Levels and vault maps discovered:
D:1:      scummos_arrival_simple_crosswalls, layout_loops_corners,
          basic_ecumenical_altar, minmay_tetromino_i2
D:2:      layout_loops_ring, uniq_sigmund
D:3:      layout_loops_corners, hangedman_decor_lopped
D:4:      layout_cave_pools, nicolae_qazlal_style_of_elements,
          pdpol_wu_jian_five_deadly_venoms, minmay_temple_entry_grid,
          serial_library_hellmonk_hallway_a, uniq_edmund
D:5:      layout_loops_cross, ebering_ghost_sewer_d

Skill      XL: |  1  2  3  4  5  6 |
---------------+-------------------+-----
Dodging        | 1 2 3 |  3.1
Short Blades   | 2 3 4 |  4.7
Fighting       | 3 |  3.9
Stealth        | 4 |  4.0
Throwing       | |  1.7

Action                     |  1- 3 |  4- 6 |  7- 9 || total
---------------------------+-------+-------+-------++-------
  Melee: Dagger            |    88 |   137 |     2 ||   227
         Hand axe          |       |    39 |     4 ||    43
   Stab: Sleeping          |     9 |    13 |       ||    22
         Distracted        |       |     1 |       ||     1
 Armour: Robe              |    27 |    30 |     8 ||    65
  Dodge: Dodged            |    27 |    50 |     6 ||    83

Table legend: (Time is in decaauts)
 A = Elapsed time spent in this place.
 B = Non-inter-level travel time spent in this place.
 C = Inter-level travel time spent in this place.
 D = Time resting spent in this place.
 E = Time spent auto-exploring this place.
 F = Levels seen in this place.
 G = Mean time per level.
                   A        B        C        D        E       F      G
               +--------+--------+--------+--------+--------+-----+--------+
         Total |   3729 |   3655 |     74 |    293 |   2871 |   5 |  745.8 |
       Dungeon |   3729 |   3655 |     74 |    293 |   2871 |   5 |  745.8 |
               +--------+--------+--------+--------+--------+-----+--------+

Top non-repeatable levels by time:
     D:3: 963 daAuts
     D:1: 816 daAuts
     D:4: 808 daAuts
     D:2: 711 daAuts
     D:5: 428 daAuts
